 Dungeon Crawl Stone Soup version 0.30.1-4-g462c640d31 (webtiles) character file.

Game seed: 7968211744404499182

675 Mickster the Cleaver (level 7, -4/61 HPs)
             Began as a Hill Orc Berserker on Aug 13, 2023.
             Was a Believer of Trog.
             Slain by a wight
             ... wielding a +5 dire flail
              (14 damage)
             ... on level 4 of the Dungeon on Aug 14, 2023.
             The game lasted 00:32:10 (2998 turns).

Mickster the Cleaver (Hill Orc Berserker)           Turns: 2998, Time: 00:32:11

Health: -4/61      AC: 10    Str: 22    XL:     7   Next: 59%
Magic:  7/7        EV:  9    Int:  7    God:    Trog [**....]
Gold:   111        SH:  0    Dex: 10    Spells: 6/6 levels left

rFire   . . .        o - +0 broad axe
rCold   . . .        (no shield)
rNeg    . . .        d - +1 chain mail
rPois   .            (no helmet)
rElec   .            (no cloak)
rCorr   .            (no gloves)
SInv    .            (no boots)
Will    .....        (no amulet) Stlth
                     (no ring)
HPRegen 0.30/turn    (no ring)
MPRegen 0.10/turn

%: no passive effects
@: on berserk cooldown, slowed, very slow
A: no striking features
a: Renounce Religion, Berserk, Trog's Hand


You were on level 4 of the Dungeon.
You worshipped Trog.
Trog was pleased with you.
You visited 1 branch of the dungeon, and saw 4 of its levels.

You collected 163 gold pieces.
You spent 52 gold pieces at shops.

Inventory:

Hand Weapons
 a - a +0 hand axe
 e - a +1 dagger of speed
 h - a +1 whip of venom
 n - a +0 long sword
 o - a +0 broad axe (weapon)
Missiles
 g - 5 boomerangs
 k - 4 javelins (quivered)
 l - 6 poisoned darts
Armour
 d - a +1 chain mail (worn)
Scrolls
 f - a scroll of butterflies
 i - 2 scrolls of fear
Potions
 b - 2 potions of mutation {unknown}
 c - 2 potions of haste
 j - 3 potions of degeneration {unknown}
 m - a potion of ambrosia {unknown}


   Skills:
 + Level 5.2 Fighting
 - Level 0.4 Short Blades
 * Level 8.5 Axes
 + Level 0.1 Throwing
 + Level 5.0 Armour
 + Level 2.1 Dodging


You had 6 spell levels left.
You didn't know any spells.
Your spell library was empty.

Dungeon Overview and Level Annotations

Branches:
Dungeon (4/15)
 Temple: D:4-7

Altars:
Cheibriados
Okawaru
Xom
Yredelemnul
Zin

Shops:
D:4 (


Message History

Your Axes skill increases to level 8!
A wight comes into view. It is wielding a +4 short sword.
The wight misses you. The wight barely misses you.
Things that are here:
a +0 dire flail; a +0 robe You barely miss the wight. x2
The wight hits you with a +0 great sword!
The wight hits you with a +0 trident.
You feel drained.
You slash the wight!
You destroy the wight!
Trog accepts your kill.
You hit the wight but do no damage.
The wight hits you with a +0 great sword!
* * * LOW HITPOINT WARNING * * *
You slice the wight!!
You destroy the wight!
Trog accepts your kill.
Your life force feels restored.
Things that are here:
a +0 great sword; a +0 robe You feel a strong urge to attack something.
Things that are here:
a +0 dire flail; a +0 robe You are no longer berserk.
You are exhausted.
You feel yourself slow down.
Things that are here:
a +0 trident; a +0 robe You slice the wight!!
You destroy the wight!
Trog accepts your kill.
A wight comes into view. It is wielding a +5 dire flail.
Your Armour skill increases to level 5!
The wight barely misses you.
Things that are here:
a +4 short sword; a +0 robe You hit the wight.
The wight is lightly damaged.
The wight hits you with a +5 dire flail!
You die...

##...##.#.# ####
##.....#.#.######
...#####........#.......
.................#
...#####.........# ..##
##.....#..####### ###
##...##)).......
#######)######. #@# #z#
#.# ... .#. #. .# ## ##


You could see a wight.

Vanquished Creatures
  Sigmund (D:3)
  A scorpion (D:4)
  4 wights (D:4)
  An orc priest (D:3)
  2 jellies (D:3)
  An iguana (D:4)
  A gnoll (D:1)
  5 adders
  A worm (D:2)
  3 dart slugs (D:1)
  5 orcs
  2 ball pythons
  8 endoplasms
  3 giant cockroaches
  8 hobgoblins
  5 jackals (D:2)
  3 quokkas
  3 bats (D:1)
  4 frilled lizards
  10 goblins
  8 kobolds
  5 rats
84 creatures vanquished.

Notes
Turn   | Place    | Note
-------+----------+-------------------------------------------
     0 | D:1      | Mickster the Hill Orc Berserker began the quest for the
                  | Orb.
     0 | D:1      | Reached XP level 1. HP: 19/19 MP: 1/1
   236 | D:1      | Reached XP level 2. HP: 27/27 MP: 2/2
   435 | D:1      | Reached XP level 3. HP: 33/33 MP: 3/3
   715 | D:1      | Reached skill level 5 in Axes
  1081 | D:2      | Reached XP level 4. HP: 41/41 MP: 4/4
  1715 | D:2      | Reached ** piety under Trog
  1844 | D:3      | Found a snail-covered altar of Cheibriados.
  1844 | D:3      | Found a basalt altar of Yredelemnul.
  1844 | D:3      | Found an iron altar of Okawaru.
  1846 | D:3      | Found a glowing silver altar of Zin.
  2001 | D:3      | Found a shimmering altar of Xom.
  2218 | D:3      | Reached XP level 5. HP: 47/47 MP: 5/5
  2228 | D:3      | Reached skill level 6 in Axes
  2299 | D:3      | Noticed Sigmund
  2310 | D:3      | Killed Sigmund
  2311 | D:3      | Reached skill level 7 in Axes
  2311 | D:3      | Reached XP level 6. HP: 55/55 MP: 6/6
  2429 | D:3      | Reached skill level 5 in Fighting
  2647 | D:4      | Found Ileyzxast's Weapon Shoppe.
  2661 | D:4      | Reached XP level 7. HP: 61/61 MP: 7/7
  2705 | D:4      | Bought a +0 broad axe for 52 gold pieces
  2989 | D:4      | Reached skill level 8 in Axes
  2997 | D:4      | Reached skill level 5 in Armour
  2998 | D:4      | Slain by a wight

Illustrated notes

Levels and vault maps discovered:
D:1:      lightli_arrival_windingriver, layout_loops_ring,
          minmay_close_crescents
D:2:      layout_loops_ring
D:3:      layout_loops_ring, grunt_temple_overflow_open, dk_xom_monty_hall,
          uniq_sigmund
D:4:      layout_loops_ring, minmay_temple_entry_poolview, serial_shops, shop

Skill      XL: |  1  2  3  4  5  6  7 |
---------------+----------------------+-----
Fighting       | 4 5 |  5.2
Axes           | 5 7 8 |  8.5
Armour         | 3 4 5 |  5.0
Dodging        | 2 |  2.1
Short Blades   | |  0.4
Throwing       | |  0.1

Action                     |  1- 3 |  4- 6 |  7- 9 || total
---------------------------+-------+-------+-------++-------
  Melee: Hand axe          |    89 |   119 |     7 ||   215
         Dagger            |       |    77 |       ||    77
         Punch             |       |     2 |       ||     2
         Broad axe         |       |       |    25 ||    25
  Throw: Javelin           |       |       |     3 ||     3
 Invoke: Berserk           |     3 |     4 |     1 ||     8
         Trog's Hand       |       |     3 |     1 ||     4
    Use: Scroll            |     2 |     8 |       ||    10
 Armour: Chain mail        |    47 |   114 |    11 ||   172
         Animal skin       |     1 |       |       ||     1
  Dodge: Dodged            |    32 |   102 |    22 ||   156
